 Dungeon Crawl Stone Soup version 0.20-a0-1033-g05abe66 (webtiles) character file.

110 Rrauwl the Magician (level 4, -1/24 HPs)
             Began as a Deep Elf Fire Elementalist on Apr 21, 2017.
             Slain by a gnoll
             ... wielding a +0 halberd
              (14 damage)
             ... on level 2 of the Dungeon.
             The game lasted 00:07:27 (1464 turns).

Rrauwl the Magician (Deep Elf Fire Elementalist)    Turns: 1464, Time: 00:07:28

Health: -1/24      AC:  3    Str:  6    XL:     4   Next: 61%
Magic:  6/12       EV: 13    Int: 20    God:
Gold:   55         SH:  2    Dex: 15    Spells: 10/11 levels left

rFire    . . .     SeeInvis .   a - +0 dagger (venom)
rCold    . . .     Gourm    .   (no shield)
rNeg     . . .     Faith    .   o - +0 robe
rPois    +         Spirit   .   e - +0 helmet
rElec    .         Reflect  +   (no cloak)
rCorr    .         Harm     .   (no gloves)
MR       .....                  (no boots)
Stlth    ++........             j - +2 amulet of reflection
Regen    0.1/turn               q - ring of poison resistance
MPRegen  0.2/turn               (no ring)

@: flying, very slightly contaminated, hasted, very quick
A: no striking features
a: no special abilities


You were on level 2 of the Dungeon.
You were hungry.

You visited 1 branch of the dungeon, and saw 2 of its levels.

You collected 55 gold pieces.

Inventory:

Hand Weapons
 a - a +0 dagger of venom (weapon)
Missiles
 r - 17 arrows
Armour
 e - a +0 helmet (worn)
 o - a +0 robe (worn)
Jewellery
 j - a +2 amulet of reflection (around neck)
 q - a ring of poison resistance (left hand)
Scrolls
 d - 3 scrolls of blinking {unknown}
 f - 3 scrolls of identify {unknown}
 l - 2 scrolls of enchant armour {unknown}
 m - 2 scrolls of teleportation
 t - a scroll of enchant weapon {unknown}
Potions
 i - a potion of lignification {unknown}
 k - a potion of curing {unknown}
 n - a potion of mutation {unknown}
Books
 b - a book of Flames

   Spells                             Type                      Level
   a - Flame Tongue                   Conjuration/Fire             1
   b - Throw Flame                    Conjuration/Fire             2
   c - Conjure Flame                  Conjuration/Fire             3
   d - Inner Flame                    Hexes/Fire                   3
   e - Sticky Flame                   Conjuration/Fire             4
   f - Fireball                       Conjuration/Fire             5
Comestibles
 c - a bread ration
 g - 7 chunks of flesh
 h - a meat ration


   Skills:
 + Level 0.5 Fighting
 + Level 3.3 Dodging
 + Level 2.9 Stealth
 + Level 4.2 Spellcasting
 + Level 2.1 Conjurations
 - Level 4.0 Fire Magic


You had 10 spell levels left.
You knew the following spells:

 Your Spells              Type           Power        Failure   Level  Hunger
a - Flame Tongue          Conj/Fire      ###..        3%          1    None


Dungeon Overview and Level Annotations

Branches:
Dungeon (2/15)

Altars:


Message History

Confirm with . or Enter, or press ? or * to list all spells.
Aiming: Flame Tongue
Press: ? - help, Shift-Dir - straight line
Casting: Flame Tongue
Confirm with . or Enter, or press ? or * to list all spells.
Aiming: Flame Tongue
Press: ? - help, Shift-Dir - straight line, f - you That would be overly suicidal.
Okay, then.
Casting: Flame Tongue
Confirm with . or Enter, or press ? or * to list all spells.
You can't see any susceptible monsters within range! (Use Z to cast anyway.)
Casting: Flame Tongue
Confirm with . or Enter, or press ? or * to list all spells.
Aiming: Flame Tongue
Press: ? - help, Shift-Dir - straight line You miscast Flame Tongue.
The air around you burns with energy! Something hits you!
Ouch! That really hurt!
You die...

....###.##.##.# #.#####.....#
####.......##.# #........##..
#.##.##..#.##############.####
#.##.#.....).).).# #.....
...........#####.#### ######
##..#.#..#####.......#
#.##....# #{##.##.# ........#
#.##.# .# ###<.#.#.# #@##.# .#
g .. #.##.# .# #. #.##.# .#
#..... .# ##.... ## .. .. .K.


You could see a kobold.

Vanquished Creatures
  6 gnolls (D:2)
  2 adders (D:2)
  A worm (D:2)
  A leopard gecko (D:1)
  2 giant cockroaches (D:2)
  5 goblins
  4 hobgoblins
  A ball python (D:2)
  4 bats
  2 frilled lizards (D:2)
  7 kobolds
  A rat (D:2)
36 creatures vanquished.

Notes
Turn   | Place    | Note
-------+----------+-------------------------------------------
     0 | D:1      | Rrauwl the Deep Elf Fire Elementalist began the quest for the Orb.
     0 | D:1      | Reached XP level 1. HP: 10/10 MP: 6/6
   141 | D:1      | Reached XP level 2. HP: 13/15 MP: 1/8
   662 | D:2      | Reached XP level 3. HP: 8/19 MP: 5/10
   977 | D:2      | Reached XP level 4. HP: 24/24 MP: 10/12
  1464 | D:2      | Slain by a gnoll

Vault maps used:
D:1:      roderic_chinese_lattice_arrival

Skill      XL: |  1  2  3  4 |
---------------+-------------+-----
Spellcasting   | 4 |  4.2
Dodging        | 3 |  3.3
Fire Magic     | 4 |  4.0
Conjurations   | 2 |  2.1
Fighting       | |  0.5
Stealth        | |  2.9

Action                   |  1- 3 |  4- 6 || total
-------------------------+-------+-------++-------
Melee: Dagger            |       |    14 ||    14
 Cast: Flame Tongue      |    42 |    28 ||    70
  Use: Potion            |     2 |     2 ||     4
       Scroll            |       |     1 ||     1
 Stab: Sleeping          |       |     1 ||     1
  Eat: Chunk             |       |     1 ||     1
Armor: Robe              |     3 |     5 ||     8
Dodge: Dodged            |    10 |    11 ||    21
Block: Other             |       |     3 ||     3
